 Dungeon Crawl Stone Soup version 0.23-a0-741-g38971ea054 (webtiles) character file.

364 Infinimo the Stinger (level 6, -2/32 HPs)
             Began as a Gargoyle Venom Mage on Jan 18, 2019.
             Slain by a two-headed ogre
             ... wielding a +0 giant spiked club
              (5 damage)
             ... on level 4 of the Dungeon.
             The game lasted 00:10:37 (6152 turns).

Infinimo the Stinger (Gargoyle Venom Mage)          Turns: 6152, Time: 00:10:38

Health: -2/32      AC:  8    Str: 11    XL:     6   Next: 67%
Magic:  9/11       EV: 12    Int: 20    God:
Gold:   182        SH:  0    Dex:  8    Spells: 7/11 levels left

rFire    . . .     SeeInvis .   i - +1 dagger (venom)
rCold    . . .     Gourm    .   (no shield)
rNeg     + . .     Faith    .   a - +0 robe
rPois    ∞         Spirit   .   g - +0 helmet
rElec    +         Reflect  .   (no cloak)
rCorr    .         Harm     .   d - +0 pair of gloves
MR       .....                  (no boots)
Stlth    ++........             (no amulet)
HPRegen  0.10/turn              (no ring)
MPRegen  0.12/turn              (no ring)

@: no status effects
A: clever 1, clumsy 1, negative energy resistance 1, electricity resistance,
unbreathing, petrification resistance, rot immunity, AC +4
a: no special abilities


You were on level 4 of the Dungeon.
You were very hungry.

You visited 1 branch of the dungeon, and saw 5 of its levels.

You collected 182 gold pieces.

Inventory:

Hand Weapons
 i - a +1 dagger of venom (weapon)
Armour
 a - a +0 robe (worn)
 d - a +0 pair of gloves (worn)
 g - a +0 helmet (worn)
Jewellery
 n - a +3 ring of protection
Scrolls
 f - 2 scrolls of fear
 j - a scroll of amnesia {unknown}
 k - a scroll of remove curse
 l - a scroll of random uselessness {unknown}
 m - 4 scrolls of enchant armour {unknown}
 o - a scroll of immolation {unknown}
 p - a scroll of identify {unknown}
Potions
 b - a potion of ambrosia {unknown}
 e - a potion of curing
 h - a potion of heal wounds {unknown}
Comestibles
 c - 5 rations


   Skills:
 - Level 1.5 Dodging
 - Level 2.1 Stealth
 + Level 3.4 Spellcasting
 + Level 3.6 Conjurations
 * Level 5.6 Poison Magic


You had 7 spell levels left.
You knew the following spells:

 Your Spells              Type           Power        Failure   Level  Hunger
a - Sting                 Conj/Pois      ###.         1%          1    None
b - Mephitic Cloud        Conj/Pois/Air  ###.....     12%         3    ###....

Your spell library contained the following spells:

 Spells                   Type           Power        Failure   Level  Hunger
 Poisonous Vapours        Pois/Air       ##....       6%          2    ##.....
 Animate Skeleton         Necr           N/A          14%         1    None
 Corona                   Hex            #......      14%         1    None
 Pain                     Necr           #...         14%         1    None
 Olgreb's Toxic Radiance  Pois           ####....     14%         4    ####...
 Dazzling Spray           Conj/Hex       ##....       19%         3    ###....
 Ensorcelled Hibernation  Hex/Ice        #.....       21%         2    ##.....
 Confuse                  Hex            #.......     38%         3    ###....
 Regeneration             Chrm/Necr      #.........   38%         3    ###....
 Tukima's Dance           Hex            #.......     38%         3    ###....
 Vampiric Draining        Necr           #.........   38%         3    ###....
 Venom Bolt               Conj/Pois      ###.......   50%         5    ######.
 Animate Dead             Necr           N/A          80%         4    ####...


Dungeon Overview and Level Annotations

Branches:
Dungeon (5/15)
 Temple: D:4-7

Altars:
Ashenzari
Dithmenos
Kikubaaqudgha
Makhleb
Yredelemnul

Annotations:
D:3 1 runed door, KARABOGA's ghost, amateur OpMo


Innate Abilities, Weirdness & Mutations

You are resistant to torment.
Your stone body is resilient. (AC +4)
You are immune to poison.
You resist negative energy. (rN+)
You are resistant to electric shocks. (rElec)
You can survive without breathing.
You are immune to petrification.
You are immune to rotting.
Your mind is acute. (Int +2)
You are clumsy. (Dex -2)


Message History

Aim: a two-headed ogre, wielding a +0 giant spiked club and a +0 dire flail (lightly wounded, poisoned)
The sting hits the two-headed ogre.
The two-headed ogre looks even sicker.
The two-headed ogre is moderately wounded.
The two-headed ogre hits you with a +0 giant spiked club!
You climb upwards.
There is a stone staircase leading down here.
The two-headed ogre hits you with a +0 dire flail!
* * * LOW HITPOINT WARNING * * *
You climb downwards.
There is a stone staircase leading up here.
It was a potion of curing.
You feel better.
The two-headed ogre hits you with a +0 dire flail.
You feel better.
The two-headed ogre hits you with a +0 dire flail!
You climb upwards.
There is a stone staircase leading down here.
The two-headed ogre hits you with a +0 giant spiked club!
* * * LOW HITPOINT WARNING * * *
The two-headed ogre hits you with a +0 dire flail.
You die...

## .#################
.##............O.# #####
.##.#...##.#####@###...#
......#.##.##.......)#.#
.##.#...#......#.###...#
## .##.##......>....#
##.## #.
.##.#####......#.# #.#
###. .##..............#
#.# #...
##########.####### #.#
#.#. ## #.# #####.#####
#.#. .# ##+##
#.........# #.##


You could see a two-headed ogre.

Vanquished Creatures
  A scorpion (D:4)
  2 orc priests
  Terence (D:2)
  2 orc wizards (D:3)
  Robin (D:2)
  3 adders
  A shadow imp (D:3)
  2 oozes (D:3)
  A worm (D:5)
  2 dart slugs
  A leopard gecko (D:2)
  14 orcs
  5 bats
  4 giant cockroaches
  17 goblins
  14 hobgoblins
  3 jackals (D:4)
  13 kobolds
  2 quokkas
  4 ball pythons
  5 frilled lizards
  6 rats
104 creatures vanquished.

Notes
Turn   | Place    | Note
-------+----------+-------------------------------------------
     0 | D:1      | Infinimo the Gargoyle Venom Mage began the quest for the
                  | Orb.
     0 | D:1      | Reached XP level 1. HP: 10/10 MP: 3/3
   322 | D:1      | Found a shattered altar of Ashenzari.
   474 | D:1      | Reached XP level 2. HP: 15/15 MP: 3/5
  1145 | D:1      | Reached XP level 3. HP: 19/19 MP: 3/6
  1178 | D:1      | Learned a level 3 spell: Mephitic Cloud
  1621 | D:2      | Noticed Terence
  1635 | D:2      | Killed Terence
  1635 | D:2      | Reached skill level 4 in Poison Magic
  1650 | D:2      | Reached XP level 4. HP: 13/24 MP: 0/7
  1806 | D:2      | Found a shadowy altar of Dithmenos.
  1854 | D:2      | Noticed Robin
  1876 | D:2      | Gained mutation: You are clumsy. (Dex -2) [potion of
                  | mutation]
  1876 | D:2      | Gained mutation: Your mind is acute. (Int +2) [potion of
                  | mutation]
  1982 | D:2      | Killed Robin
  2096 | D:2      | Found an ancient bone altar of Kikubaaqudgha.
  2096 | D:2      | Found a burning altar of Makhleb.
  2687 | D:2      | Reached XP level 5. HP: 27/28 MP: 1/9
  3106 | D:3      | Found a basalt altar of Yredelemnul.
  3170 | D:3      | Noticed an orc warrior
  4127 | D:3      | Reached skill level 5 in Poison Magic
  4392 | D:3      | Found a runed door.
  4395 | D:3      | Noticed KARABOGA's ghost (amateur OpMo)
  4712 | D:3      | Reached XP level 6. HP: 31/32 MP: 5/10
  6079 | D:5      | Entered Level 5 of the Dungeon
  6086 | D:5      | Noticed a two-headed ogre
  6152 | D:4      | Slain by a two-headed ogre

Vault maps used:
D:1:      dpeg_arrival_concentric_ovals, st_stairs_7,
          nicolae_ashenzari_panopticon
D:2:      grunt_dithmenos_smoke, grunt_temple_overflow_open, hex_medium,
          uniq_terence, uniq_robin
D:3:      lemuel_round_altar, serial_glass, glass_columns_a, glass_columns_a,
          ebering_ghost_reflecting_pool, hangedman_glass_teeth
D:4:      first_ration

Skill      XL: |  1  2  3  4  5 |
---------------+----------------+-----
Conjurations   | 2 3 |  3.6
Poison Magic   | 4 5 |  5.6
Spellcasting   | 3 |  3.4
Dodging        | |  1.5
Stealth        | |  2.1

Action                   |  1- 3 |  4- 6 || total
-------------------------+-------+-------++-------
Melee: Dagger            |     7 |    28 ||    35
 Cast: Sting             |    74 |   207 ||   281
  Use: Scroll            |     4 |       ||     4
       Potion            |       |     4 ||     4
  Eat: Chunk             |     3 |    13 ||    16
Armor: Robe              |    19 |    32 ||    51
Dodge: Dodged            |    30 |    72 ||   102

Table legend:
 A = Non-vault XP
 B = Vault XP
 C = Vault XP percentage of total XP
 D = Non-vault monster count
 E = Vault monster count
 F = Vault count percentage of total count
                 A         B        C        D         E       F
            +---------+---------+-------+---------+---------+-------
      Total |     450 |      70 |  13.5 |      90 |      14 |  13.5
            +---------+---------+-------+---------+---------+-------
        D:1 |      43 |       6 |  12.2 |      25 |       4 |  13.8
        D:2 |      64 |      64 |  50.0 |      22 |      10 |  31.2
        D:3 |     193 |       0 |   0.0 |      26 |       0 |   0.0
        D:4 |     145 |       0 |   0.0 |      16 |       0 |   0.0
        D:5 |       5 |       0 |   0.0 |       1 |       0 |   0.0
            +---------+---------+-------+---------+---------+-------
